[Event "Israel Youth-ch U16 2025"]
[Site "Rishon Le Zion"]
[Date "2025.04.04"]
[Round "1.1"]
[White "Shefer, Uri"]
[Black "Friedlich, Eyal"]
[Result "1-0"]
[Annotator "ChessBase"]
[ECO "E71"]
[WhiteElo "2265"]
[BlackElo "1952"]
[PlyCount "85"]
[EventDate "2025.04.03"]
[EventType "swiss"]
[EventCountry "ISR"]
[SourceTitle "playchess.com"]
[Source "ChessBase"]
[SourceQuality "1"]
[TimeControl "5400+30"]

1. d4 Nf6 2. c4 g6 3. Nc3 Bg7 4. e4 d6 5. h3 O-O 6. Be3 c5 7. dxc5 Qa5 8. Bd2 Qxc5 9. Nf3 a6 10. b4 Qc7 11. Bd3 Nc6 12. a3 Nd7 13. Rc1 e6 14. Be2 Nde5 15. Be3 Nxf3+ 16. gxf3 Bd7 17. h4 h5 18. Na4 Ne7 19. Nb6 Rad8 20. a4 Nc6 21. Qd2 Qb8 22. Kf1 Ne5 23. Rg1 d5 24. cxd5 exd5 25. exd5 Bh3+ 26. Ke1 Nd7 27. Rg3 Bf5 28. Nc4 Ne5 29. Kf1 Be6 30. Nb6 Bf5 31. b5 axb5 32. Bxb5 Nd7 33. Bxd7 Bxd7 34. Bg5 f6 35. Bf4 Qa7 36. Bc7 Kh7 37. Bxd8 Rxd8 38. Nxd7 Rxd7 39. Qd3 f5 40. Qb5 Rd6 41. Rc7 Qd4 42. Qxb7 Rxd5 43. Rxg7+ 1-0

[Event "Israel Youth-ch U16 2025"]
[Site "Rishon Le Zion"]
[Date "2025.04.04"]
[Round "1.2"]
[White "Ofir, Nevo"]
[Black "Ribstein, Orel"]
[Result "1-0"]
[Annotator "ChessBase"]
[ECO "B23"]
[WhiteElo "1813"]
[BlackElo "2192"]
[PlyCount "85"]
[EventDate "2025.04.03"]
[EventType "swiss"]
[EventCountry "ISR"]
[SourceTitle "playchess.com"]
[Source "ChessBase"]
[SourceQuality "1"]
[TimeControl "5400+30"]

1. e4 c5 2. Nc3 a6 3. a4 e6 4. g3 Nc6 5. Bg2 g6 6. f4 Bg7 7. Nf3 Nge7 8. d3 O-O 9. O-O b6 10. Qe2 Bb7 11. Nd1 Nd4 12. Nxd4 cxd4 13. b3 d5 14. e5 Nc6 15. Ba3 Re8 16. Nf2 b5 17. axb5 axb5 18. Bc5 Rxa1 19. Rxa1 f6 20. exf6 Bxf6 21. Re1 Bg7 22. Nh3 e5 23. Qf2 h6 24. fxe5 Nxe5 25. Rf1 Qd7 26. Nf4 Kh7 27. Bh3 Qc6 28. Bxd4 Nf3+ 29. Qxf3 Bxd4+ 30. Kh1 Rf8 31. Qe2 Bg7 32. Bg2 Qd6 33. Re1 Rf7 34. Qe8 Rd7 35. Re6 Qf8 36. Qxg6+ Kg8 37. Re8 Re7 38. Rxf8+ Kxf8 39. Ne6+ Kg8 40. Kg1 b4 41. Nxg7 Rxg7 42. Qe8+ Kh7 43. Qe6 1-0

[Event "Israel Youth-ch U16 2025"]
[Site "Rishon Le Zion"]
[Date "2025.04.04"]
[Round "1.3"]
[White "Azoulay, Yehonatan"]
[Black "Pearl, Oliver"]
[Result "1-0"]
[Annotator "ChessBase"]
[ECO "B06"]
[WhiteElo "2148"]
[BlackElo "1805"]
[PlyCount "109"]
[EventDate "2025.04.03"]
[EventType "swiss"]
[EventCountry "ISR"]
[SourceTitle "playchess.com"]
[Source "ChessBase"]
[SourceQuality "1"]
[TimeControl "5400+30"]

1. e4 c5 2. c3 g6 3. Nf3 d5 4. exd5 Qxd5 5. d4 Bg7 6. Be3 cxd4 7. cxd4 Nf6 8. Nc3 Qa5 9. Bc4 O-O 10. O-O e6 11. Qe2 Nc6 12. Rac1 Nb4 13. Bb3 Qd8 14. Bg5 h6 15. Bxf6 Bxf6 16. Qe4 Bd7 17. Ne5 Bc6 18. Nxc6 bxc6 19. Rfd1 Qd6 20. Qf3 Bg5 21. Ne4 Qf4 22. Nxg5 hxg5 23. Qxf4 gxf4 24. a3 Nd5 25. Rxc6 Rfb8 26. Bxd5 exd5 27. Rc2 Rb3 28. Kf1 Kg7 29. f3 Rab8 30. Rdd2 g5 31. Kf2 Kg6 32. h3 a5 33. Ke2 R8b6 34. Kd1 Kh5 35. Kc1 Kh4 36. Rc5 R6b5 37. a4 R5b4 38. Rxa5 Rc4+ 39. Kb1 Re3 40. Rxd5 Rxa4 41. Rc5 Re1+ 42. Kc2 Raa1 43. Kb3 f6 44. d5 Re5 45. Kb4 Kg3 46. d6 Re8 47. d7 Rb8+ 48. Kc4 Rc1+ 49. Kd5 Rd8 50. Kc6 Ra1 51. Kc7 Rda8 52. d8=Q R1a7+ 53. Kb6 Ra6+ 54. Kb5 Rxd8 55. Rxd8 1-0

[Event "Israel Youth-ch U16 2025"]
[Site "Rishon Le Zion"]
[Date "2025.04.04"]
[Round "1.4"]
[White "Qasem, Muhamad Mody"]
[Black "Magen, Ofek"]
[Result "1-0"]
[Annotator "ChessBase"]
[ECO "B75"]
[WhiteElo "1827"]
[BlackElo "2115"]
[PlyCount "89"]
[EventDate "2025.04.03"]
[EventType "swiss"]
[EventCountry "ISR"]
[SourceTitle "playchess.com"]
[Source "ChessBase"]
[SourceQuality "1"]
[TimeControl "5400+30"]

1. e4 c5 2. Nc3 d6 3. Nf3 Nc6 4. d4 cxd4 5. Nxd4 Bd7 6. Be3 Nf6 7. f3 g6 8. Qd2 Bg7 9. O-O-O h5 10. h4 Rc8 11. Kb1 Ne5 12. f4 Neg4 13. Bg1 O-O 14. Bd3 a6 15. Nf3 e6 16. e5 dxe5 17. fxe5 Nd5 18. Nxd5 exd5 19. Bxg6 fxg6 20. Qxd5+ Kh8 21. Qxd7 Nxe5 22. Nxe5 Bxe5 23. Qxd8 Rcxd8 24. Bb6 Rxd1+ 25. Rxd1 Bf6 26. Rd7 Bxh4 27. Bd4+ Bf6 28. Rd8 Kg7 29. Rxf8 Bxd4 30. Rd8 Be5 31. Kc1 Kf6 32. b3 Kf5 33. Kd2 Kg4 34. Rd3 g5 35. Ke2 Kf4 36. c4 b6 37. b4 Kf5 38. c5 bxc5 39. bxc5 Ke6 40. Ke3 g4 41. Ke4 h4 42. Rd5 Bc7 43. Rh5 Bd8 44. Rh6+ Kd7 45. Kd5 1-0